 Dungeon Crawl Stone Soup version 0.29-a0-337-g68df138881 (webtiles) character file.

Game seed: 17082110412259163916

191 Dauddaud the Chopper (level 5, 0/67 HPs)
             Began as a Minotaur Berserker on Apr 16, 2022.
             Was a Follower of Trog.
             Succumbed to a water moccasin's poison
             ... in a sewer.
             The game lasted 00:05:28 (1809 turns).

Dauddaud the Chopper (Minotaur Berserker)           Turns: 1809, Time: 00:05:29

Health: 0/67       AC:  7    Str: 24    XL:     5   Next: 41%
Magic:  4/4        EV: 11    Int:  4    God:    Trog [*.....]
Gold:   112        SH:  5    Dex:  9    Spells: 4/4 levels left

rFire   + . .      SeeInvis .   a - +0 hand axe
rCold   . . .      Faith    .   (no shield)
rNeg    . . .      Spirit   .   e - +3 leather armour
rPois   .          Reflect  +   (helmet restricted)
rElec   .          Harm     .   (no cloak)
rCorr   .          Rampage  .   (no gloves)
Will    ++...                   m - +0 pair of boots
Stlth   ..........              j - amulet of reflection
HPRegen 1.21/turn               c - ring of protection from fire
MPRegen 0.09/turn               (no ring)

@: berserking (expiring), lethally poisoned (0 -> -10), strong-willed,
regenerating, very quick
A: horns 2, retaliatory headbutt
a: Renounce Religion, Berserk


You were in a sewer.
You worshipped Trog.
Trog was aware of your devotion.
You visited 1 branch of the dungeon, and saw 3 of its levels.
You also visited: Sewer.

You collected 112 gold pieces.

Inventory:

Hand Weapons
 a - a +0 hand axe (weapon)
Armour
 b - a +0 animal skin
 e - a +3 leather armour (worn)
 m - a +0 pair of boots (worn)
 o - a +0 scale mail
Jewellery
 c - a ring of protection from fire (left hand)
 j - an amulet of reflection (around neck)
 n - an amulet of guardian spirit
Scrolls
 g - 3 scrolls of identify {unknown}
 h - a scroll of holy word {unknown}
 k - a scroll of amnesia {unknown}
 l - 2 scrolls of magic mapping {unknown}
 q - a scroll of fear {unknown}
 r - a scroll of teleportation {unknown}
Potions
 d - 3 potions of curing {unknown}
 f - a potion of haste {unknown}
 i - a potion of attraction {unknown}
 p - a potion of ambrosia {unknown}


   Skills:
 - Level 3.6 Fighting
 + Level 7.5 Axes
 - Level 2.4 Armour
 - Level 2.1 Dodging


You had 4 spell levels left.
You didn't know any spells.
Your spell library was empty.

Dungeon Overview and Level Annotations

Branches:
Dungeon (3/15)              Sewer (1/1)

Altars:
Fedhas
The Shining One


Innate Abilities, Weirdness & Mutations

You have a pair of horns on your head.
You reflexively headbutt those who attack you in melee.


Message History

You are poisoned.
The water moccasin poisons you!
You hit the water moccasin.
Your headbutt misses the water moccasin.
The water moccasin is almost dead.
You feel very sick. The water moccasin closely misses you.
The water moccasin bites you.
You hit the water moccasin but do no damage.
The water moccasin is almost dead.
You feel very sick. The water moccasin bites you.
You are lethally poisoned!
The water moccasin poisons you!
A red film seems to cover your vision as you go berserk!
You feel yourself moving faster!
You feel mighty!
You can no longer call upon Trog for regeneration and willpower.
You feel extremely sick.
The water moccasin bites you but does no damage.
You barely miss the water moccasin.
The water moccasin is almost dead.
You feel very sick. The water moccasin bites you!
* * * LOW HITPOINT WARNING * * *
You are lethally poisoned!
The water moccasin poisons you!
You slash the water moccasin!
You kill the water moccasin!
Trog accepts your kill.
* * * LOW HITPOINT WARNING * * *
You feel very sick.
Your Axes skill increases to level 7!
You have reached level 5!
You are too berserk!
Unknown command.
* * * LOW HITPOINT WARNING * * *
You feel very sick.
You feel a strong urge to attack something.
* * * LOW HITPOINT WARNING * * *
You feel very sick.
You die...

## ## )/#.
.#.# #.≈≈
##≈.≈##
#.≈≈..#
#.≈≈≈†##
#.@.#
##≈.##
#...#
##≈.# #.
#≈.# #..
#..# #≈.#
##..# #...
#...#
#..###≈≈##


There were no monsters in sight!

Vanquished Creatures
  A water moccasin (Sewer)
  A gnoll (D:1)
  2 adders (D:2)
  A river rat (D:3)
  A worm (D:2)
  A dart slug (D:1)
  4 ball pythons
  A bat (D:1)
  3 endoplasms
  8 giant cockroaches (D:1)
  4 goblins
  4 hobgoblins
  A jackal (Sewer)
  3 quokkas
  2 kobolds
  8 rats
45 creatures vanquished.

Vanquished Creatures (others)
  A fungus (D:1)
1 creature vanquished.

Grand Total: 46 creatures vanquished

Notes
Turn   | Place    | Note
-------+----------+-------------------------------------------
     0 | D:1      | Dauddaud the Minotaur Berserker began the quest for the
                  | Orb.
     0 | D:1      | Reached XP level 1. HP: 19/19 MP: 0/0
    18 | D:1      | Reached skill level 4 in Axes
   203 | D:1      | Reached XP level 2. HP: 26/26 MP: 1/1
   221 | D:1      | HP: 1/26 [quokka (2)]
   544 | D:1      | Reached skill level 5 in Axes
   593 | D:1      | Reached XP level 3. HP: 31/31 MP: 2/2
  1226 | D:2      | Found a faded altar of an unknown god.
  1399 | D:2      | Reached skill level 6 in Axes
  1399 | D:2      | Reached XP level 4. HP: 31/39 MP: 3/3
  1508 | D:2      | Found a glowing golden altar of the Shining One.
  1715 | D:3      | Found a blossoming altar of Fedhas.
  1727 | D:3      | Found a glowing drain.
  1754 | D:3      | Reached ** piety under Trog
  1761 | Sewer    | Entered a sewer
  1796 | Sewer    | Noticed a water moccasin
  1806 | Sewer    | Killed a water moccasin
  1807 | Sewer    | Reached skill level 7 in Axes
  1807 | Sewer    | Reached XP level 5. HP: 9/45 MP: 4/4
  1808 | Sewer    | HP: 3/67 [poisoned by a water moccasin]
  1809 | Sewer    | Succumbed to a water moccasin's poison

Illustrated notes

Levels and vault maps discovered:
D:1:      dpeg_arrival_prison, layout_rooms, minmay_worlds_worst_comb
D:2:      layout_loops_ring, ebering_ecumenical_altar_box, basic_altar,
          chequers_arboretum
D:3:      layout_loops_cross, nicolae_ru_awakened_eye,
          mainiacjoe_overflow_small_starburst, nicolae_overflow_crystal_walls,
          portal_sewer_entry_c, hangedman_decor_points, uniq_natasha
Sewer:    sewer_the_moccasin

Skill      XL: |  1  2  3  4 |
---------------+-------------+-----
Axes           | 4 5 6 7 |  7.5
Fighting       | |  3.6
Armour         | |  2.4
Dodging        | |  2.1

Action                   |  1- 3 |  4- 6 || total
-------------------------+-------+-------++-------
Melee: Hand axe          |    86 |    28 ||   114
       Headbutt          |     9 |     5 ||    14
Invok: Berserk           |     1 |     1 ||     2
       Trog's Hand       |       |     1 ||     1
Armor: Animal skin       |    12 |       ||    12
       Leather armour    |    11 |     9 ||    20
Dodge: Dodged            |    48 |    11 ||    59
Block: Other             |     6 |     4 ||    10

Table legend: (Time is in decaauts)
 A = Elapsed time spent in this place.
 B = Non-inter-level travel time spent in this place.
 C = Inter-level travel time spent in this place.
 D = Time resting spent in this place.
 E = Time spent auto-exploring this place.
 F = Levels seen in this place.
 G = Mean time per level.
                   A        B        C        D        E       F      G
               +--------+--------+--------+--------+--------+-----+--------+
         Total |   1826 |   1766 |     60 |    355 |   1110 |   4 |  456.5 |
       Dungeon |   1777 |   1717 |     60 |    355 |   1084 |   3 |  592.3 |
         Sewer |     49 |     49 |      0 |      0 |     26 |   1 |   49.0 |
               +--------+--------+--------+--------+--------+-----+--------+

Top non-repeatable levels by time:
     D:1: 900 daAuts
     D:2: 830 daAuts
   Sewer: 49 daAuts
     D:3: 47 daAuts
